 Dungeon Crawl Stone Soup version 0.31-a0-1237-gabc64e778c (webtiles) character file.

Game seed: 8574927819016872089

84 Darkkill the Shooter (level 4, -1/38 HPs)
             Began as a Minotaur Hunter on Dec 15, 2023.
             Killed by divine providence
             ... invoked by an orc priest
              (11 damage)
             ... on level 3 of the Dungeon.
             The game lasted 00:02:56 (1908 turns).

Darkkill the Shooter (Minotaur Hunter)              Turns: 1908, Time: 00:02:57

Health: -1/38      AC:  6    Str: 15    XL:     4   Next: 23%
Magic:  3/3        EV:  9    Int:  6    God:
Gold:   131        SH:  0    Dex: 16    Spells: 3/3 levels left

rFire   . . .        a - +1 shortbow
rCold   . . .        (shield currently unavailable)
rNeg    . . .        c - +0 leather armour
rPois   .            (helmet restricted)
rElec   .            l - +2 cloak {rCorr}
rCorr   +            (no gloves)
SInv    .            (no boots)
Will    .....        (no amulet)
Stlth   ++           (no ring)
HPRegen 0.26/turn    (no ring)
MPRegen 0.08/turn

%: no passive effects
@: grasped by roots, constricted
A: horns 2, retaliatory headbutt
a: no special abilities


You were on level 3 of the Dungeon.
You visited 1 branch of the dungeon, and saw 4 of its levels.

You collected 131 gold pieces.

Inventory:

Hand Weapons
 a - a +1 shortbow (weapon)
Missiles
 j - 50 stones
Armour
 c - a +0 leather armour (worn)
 l - a +2 cloak of preservation (worn)
Jewellery
 i - an amulet of magic regeneration
Wands
 m - a wand of roots (7)
Scrolls
 e - 2 scrolls of fog
 g - a scroll of enchant weapon
Potions
 d - a potion of ambrosia
 f - a potion of resistance {unknown}
 h - a potion of heal wounds {unknown}
 k - a potion of lignification


   Skills:
 + Level 3.3 Fighting
 + Level 4.9 Ranged Weapons
 + Level 3.1 Dodging
 + Level 1.9 Stealth


You had 3 spell levels left.
You didn't know any spells.
Your spell library contained the following spells:

 Spells                   Type           Power      Damage    Failure   Level
 Tukima's Dance           Hex            0%         N/A       88%         3
 Dimensional Bullseye     Hex/Tloc       0%         N/A       99%         4
 Iskenderun's Mystic Bla  Conj/Tloc      0%         2d3       99%         4


Dungeon Overview and Level Annotations

Branches:
Dungeon (4/15)
 Temple: D:4-7

Altars:

Annotations:
D:3 Ijyb


Innate Abilities, Weirdness & Mutations

You have a pair of horns on your head.
You reflexively headbutt those who attack you in melee.


Message History

Level annotation: Ijyb
There is a stone staircase leading down here.
Fire: a) +1 shortbow
Press: ? - help, Q - select action, (/) - cycle Shift-Dir - straight line, f - Ijyb
Aim: Ijyb, wielding a +0 club, wearing a +0 scale mail and carrying a wand of roots (lightly wounded, 61% to hit)
You shoot an arrow. The arrow closely misses Ijyb.
Ijyb closely misses you.
Fire: a) +1 shortbow
Press: ? - help, Q - select action, (/) - cycle Shift-Dir - straight line, f/p - Ijyb
Aim: Ijyb, wielding a +0 club, wearing a +0 scale mail and carrying a wand of roots (lightly wounded, 61% to hit)
You shoot an arrow. The arrow hits Ijyb but does no damage.
Ijyb is lightly wounded.
Ijyb hits you with a +0 club. Ijyb screams, "I dance on your bones!"
Ijyb hits you but does no damage.
Fire: a) +1 shortbow
Press: ? - help, Q - select action, (/) - cycle Shift-Dir - straight line, f/p - Ijyb
Aim: Ijyb, wielding a +0 club, wearing a +0 scale mail and carrying a wand of roots (lightly wounded, 61% to hit)
You shoot an arrow. The arrow hits Ijyb.
Ijyb is lightly wounded.
Ijyb hits you but does no damage.
Fire: a) +1 shortbow
Press: ? - help, Q - select action, (/) - cycle Shift-Dir - straight line, f/p - Ijyb
Aim: Ijyb, wielding a +0 club, wearing a +0 scale mail and carrying a wand of roots (lightly wounded, 61% to hit)
You shoot an arrow. The arrow barely misses Ijyb.
Ijyb closely misses you.
Fire: a) +1 shortbow
Press: ? - help, Q - select action, (/) - cycle Shift-Dir - straight line, f/p - Ijyb
Aim: Ijyb, wielding a +0 club, wearing a +0 scale mail and carrying a wand of roots (lightly wounded, 61% to hit)
You shoot an arrow. The arrow barely misses Ijyb.
Ijyb hits you but does no damage.
Fire: a) +1 shortbow
Press: ? - help, Q - select action, (/) - cycle Shift-Dir - straight line, f/p - Ijyb
Aim: Ijyb, wielding a +0 club, wearing a +0 scale mail and carrying a wand of roots (lightly wounded, 61% to hit)
You shoot an arrow. The arrow completely misses Ijyb.
Ijyb hits you but does no damage.
Fire: a) +1 shortbow
Press: ? - help, Q - select action, (/) - cycle Shift-Dir - straight line, f/p - Ijyb
Aim: Ijyb, wielding a +0 club, wearing a +0 scale mail and carrying a wand of roots (lightly wounded, 61% to hit)
You shoot an arrow. The arrow hits Ijyb.
Ijyb is heavily wounded.
Ijyb barely misses you. Ijyb hits you but does no damage.
Fire: a) +1 shortbow
Press: ? - help, Q - select action, (/) - cycle Shift-Dir - straight line, f/p - Ijyb
Aim: Ijyb, wielding a +0 club, wearing a +0 scale mail and carrying a wand of roots (heavily wounded, 61% to hit)
You shoot an arrow. The arrow barely misses Ijyb.
An orc comes into view. It is wielding a +0 hand axe.
Ijyb hits you with a +0 club.
Fire: a) +1 shortbow
Press: ? - help, Q - select action, (/) - cycle Shift-Dir - straight line, f/p - Ijyb
Aim: Ijyb, wielding a +0 club, wearing a +0 scale mail and carrying a wand of roots (heavily wounded, 61% to hit)
You shoot an arrow. The arrow closely misses Ijyb.
Ijyb closely misses you.
Fire: a) +1 shortbow
Press: ? - help, Q - select action, (/) - cycle Shift-Dir - straight line, f/p - Ijyb
Aim: Ijyb, wielding a +0 club, wearing a +0 scale mail and carrying a wand of roots (heavily wounded, 61% to hit)
You shoot an arrow. The arrow completely misses Ijyb.
Ijyb hits you with a +0 club.
Fire: a) +1 shortbow
Press: ? - help, Q - select action, (/) - cycle Shift-Dir - straight line, f/p - Ijyb
Aim: Ijyb, wielding a +0 club, wearing a +0 scale mail and carrying a wand of roots (heavily wounded, 61% to hit)
You shoot an arrow. The arrow hits Ijyb but does no damage.
Ijyb is heavily wounded.
Ijyb misses you.
Fire: a) +1 shortbow
Press: ? - help, Q - select action, (/) - cycle Shift-Dir - straight line, f/p - Ijyb
Aim: Ijyb, wielding a +0 club, wearing a +0 scale mail and carrying a wand of roots (heavily wounded, 61% to hit)
You shoot an arrow. The arrow hits Ijyb.
Ijyb is heavily wounded.
Ijyb completely misses you.
Fire: a) +1 shortbow
Press: ? - help, Q - select action, (/) - cycle Shift-Dir - straight line, f/p - Ijyb
Aim: Ijyb, wielding a +0 club, wearing a +0 scale mail and carrying a wand of roots (heavily wounded, 61% to hit)
You shoot an arrow. The arrow closely misses Ijyb.
Ijyb hits you with a +0 club.
An orc comes into view. It is wielding a +0 whip. x2
Ijyb barely misses you.
Fire: a) +1 shortbow
Press: ? - help, Q - select action, (/) - cycle Shift-Dir - straight line, f/p - Ijyb
Aim: Ijyb, wielding a +0 club, wearing a +0 scale mail and carrying a wand of roots (heavily wounded, 61% to hit)
You shoot an arrow. The arrow closely misses Ijyb.
The orc shouts!
You hear a loud squeak.
The orc hits you with a +0 hand axe.
Ijyb zaps a wand.
The roots erupt in riotous growth!
The grasping roots grab you!
The orc is unaffected.
Ijyb is unaffected.
The grasping roots constrict you.
You hear a shout!
Fire: a) +1 shortbow
Press: ? - help, Q - select action, (/) - cycle Shift-Dir - straight line, f/p - Ijyb
Aim: Ijyb, wielding a +0 club, wearing a +0 scale mail and carrying a wand of roots (heavily wounded, 61% to hit)
You shoot an arrow. The arrow barely misses Ijyb.
The orc hits you with a +0 hand axe.
An orc priest comes into view. It is wielding a +0 short sword.
Ijyb barely misses you. The grasping roots constrict you.
The orc hits you with a +0 hand axe.
* * * LOW HITPOINT WARNING * * *
The orc priest invokes the aid of Beogh against you.
Beogh smites you!
You die...

.###..........#
##.........##
####..........
#.########.# #.#
#.# #### #.#
.....##.##
##.....o@#### ..
....o...g...###....
...................
......#..#..###...
.o..o.#..#..#
.#.$.....#<(#
###........#
##.....[.#
####....#


You could see Ijyb, an orc priest and 3 orcs.

Vanquished Creatures
  Jessica (D:2)
  An adder (D:2)
  3 dart slugs
  6 bats
  3 endoplasms
  3 goblins (D:2)
  4 hobgoblins
  3 jackals (D:1)
  7 kobolds
  4 ball pythons
  4 frilled lizards
  4 rats
43 creatures vanquished.

Notes
Turn   | Place    | Note
-------+----------+-------------------------------------------
     0 | D:1      | Darkkill the Minotaur Hunter began the quest for the Orb.
     0 | D:1      | Reached XP level 1. HP: 18/18 MP: 0/0
    84 | D:1      | Reached skill level 1 in Stealth
   214 | D:1      | Reached XP level 2. HP: 25/25 MP: 1/1
   763 | D:1      | Reached XP level 3. HP: 31/31 MP: 2/2
  1460 | D:2      | Noticed Jessica
  1461 | D:2      | Killed Jessica
  1462 | D:2      | Reached XP level 4. HP: 38/38 MP: 3/3
  1755 | D:3      | Noticed Ijyb
  1908 | D:3      | Killed from afar by an orc priest

Illustrated notes

Levels and vault maps discovered:
D:1:      wander_arrival_desolate, layout_loops_corners,
          wander_ebering_terrifying_dragon_lair
D:2:      layout_loops_ring, serial_bayou_ford_a, uniq_jessica
D:3:      minmay_angry_zag, layout_loops_cross,
          dreamdust_ecumenical_altar_statues, gammafunk_ghost_grave,
          minmay_fractal_squares_gapless_5, uniq_ijyb
D:4:      layout_loops_corners, nicolae_overflow_hidden_temple,
          minmay_increasing_density, uniq_eustachio

Skill      XL: |  1  2  3 |
---------------+----------+-----
Stealth        | 1 |  1.9
Fighting       | 3 |  3.3
Dodging        | 3 |  3.1
Ranged Weapons | |  4.9

Action                     |  1- 3 |  4- 6 || total
---------------------------+-------+-------++-------
   Fire: Shortbow          |    90 |    37 ||   127
    Use: Scroll            |     5 |     3 ||     8
 Armour: Leather armour    |    14 |    16 ||    30
  Dodge: Dodged            |    25 |     8 ||    33

Table legend: (Time is in decaauts)
 A = Elapsed time spent in this place.
 B = Non-inter-level travel time spent in this place.
 C = Inter-level travel time spent in this place.
 D = Time resting spent in this place.
 E = Time spent auto-exploring this place.
 F = Levels seen in this place.
 G = Mean time per level.
                   A        B        C        D        E       F      G
               +--------+--------+--------+--------+--------+-----+--------+
         Total |   1940 |   1770 |    170 |    168 |   1339 |   4 |  485.0 |
       Dungeon |   1940 |   1770 |    170 |    168 |   1339 |   4 |  485.0 |
               +--------+--------+--------+--------+--------+-----+--------+

Top non-repeatable levels by time:
     D:1: 1078 daAuts
     D:2: 662 daAuts
     D:4: 114 daAuts
     D:3: 84 daAuts

Levels and vault maps discovered:
D:1:      wander_arrival_desolate, layout_loops_corners,
          wander_ebering_terrifying_dragon_lair
D:2:      layout_loops_ring, serial_bayou_ford_a, uniq_jessica
D:3:      minmay_angry_zag, layout_loops_cross,
          dreamdust_ecumenical_altar_statues, gammafunk_ghost_grave,
          minmay_fractal_squares_gapless_5, uniq_ijyb
D:4:      layout_loops_corners, nicolae_overflow_hidden_temple,
          minmay_increasing_density, uniq_eustachio

Table legend: (Time is in decaauts)
 A = Elapsed time spent in this place.
 B = Non-inter-level travel time spent in this place.
 C = Inter-level travel time spent in this place.
 D = Time resting spent in this place.
 E = Time spent auto-exploring this place.
 F = Levels seen in this place.
 G = Mean time per level.
                   A        B        C        D        E       F      G
               +--------+--------+--------+--------+--------+-----+--------+
         Total |   1940 |   1770 |    170 |    168 |   1339 |   4 |  485.0 |
       Dungeon |   1940 |   1770 |    170 |    168 |   1339 |   4 |  485.0 |
               +--------+--------+--------+--------+--------+-----+--------+

Top non-repeatable levels by time:
     D:1: 1078 daAuts
     D:2: 662 daAuts
     D:4: 114 daAuts
     D:3: 84 daAuts

Table legend:
 A = Kills in this place as a percentage of kills in the entire game.
 B = Kills by you in this place as a percentage of kills by you in the entire game.
 C = Kills by friends in this place as a percentage of kills by friends in the entire game.
 D = Other kills in this place as a percentage of other kills in the entire game.
 E = Experience gained in this place as a percentage of experience gained in the entire game.
 F = Experience gained in this place divided by the number of levels of this place that you have seen.
                   A       B       C       D       E      F
               +-------+-------+-------+-------+-------+----------------------
         Total | 100.0 | 100.0 |   N/A |   N/A | 100.0 |  30.0
       Dungeon | 100.0 | 100.0 |   N/A |   N/A | 100.0 |  30.0
               +-------+-------+-------+-------+-------+----------------------
